 Dungeon Crawl Stone Soup version 0.31.0-11-ge490571c62 (webtiles) character file.

Game seed: 13439483289004591479

399 qw the Ducker (level 6, -3/32 HPs)
             Began as a Spriggan Hunter on Feb 5, 2024.
             Incinerated by a bombardier beetle (4 damage)
             ... with a burning spray
             ... on level 4 of the Dungeon.
             The game lasted 00:01:04 (2658 turns).

qw the Ducker (Spriggan Hunter)                     Turns: 2658, Time: 00:01:05

Health: -3/32      AC:  3    Str:  7    XL:     6   Next: 54%
Magic:  7/7        EV: 24    Int: 11    God:
Gold:   98         SH:  0    Dex: 26    Spells: 5/5 levels left

rFire   . . .        a - +0 shortbow
rCold   . . .        (shield currently unavailable)
rNeg    . . .        c - +0 robe
rPois   .            (helmet restricted)
rElec   .            g - +0 cloak
rCorr   .            (gloves unavailable)
SInv    +            (boots unavailable)
Will    +....        (no amulet)
Stlth   +            k - +6 ring of dexterity
HPRegen 0.25/turn    (no ring)
MPRegen 0.10/turn

%: no passive effects
@: on fire, glowing, very quick
A: very small, no large weapons, unfitting armour, see invisible, speed 3
a: no special abilities


You were on level 4 of the Dungeon.
You visited 1 branch of the dungeon, and saw 4 of its levels.

You collected 98 gold pieces.


Innate Abilities, Weirdness & Mutations

You are very small and have problems with some larger weapons.
You are too small for most types of armour.
You have supernaturally acute eyesight. (SInv)
You cover ground extremely quickly. (Speed+++)


   Skills:
 - Level 2.5 Fighting
 + Level 5.6 Ranged Weapons
 - Level 7.0 Dodging
 - Level 1.5 Stealth


You had 5 spell levels left.
You didn't know any spells.
Your spell library was empty.

Inventory:

Hand Weapons
 a - a +0 shortbow (weapon)
Armour
 c - a +0 robe (worn)
 g - a +0 cloak (worn)
Jewellery
 k - a +6 ring of dexterity (left hand)
Scrolls
 e - a scroll of teleportation
Potions
 b - a potion of lignification {unknown}
 d - a potion of degeneration {unknown}
 f - 2 potions of curing
 h - a potion of enlightenment {unknown}
 i - a potion of magic {unknown}
 l - a potion of might {unknown}
 m - a potion of brilliance {unknown}
 o - a potion of attraction {unknown}

Dungeon Overview and Level Annotations

Branches:
Dungeon (4/15)
 Temple: D:4-7

Altars:

Annotations:
D:3 1 runed translucent door, qw's ghost, amateur DEHu


Message History

There is a stone staircase leading up here.
An iguana comes into view.
You shoot an arrow. The arrow hits the iguana.
The iguana hisses angrily.
The iguana is heavily wounded.
You shoot an arrow. The arrow hits the iguana!
You kill the iguana!
You see here an iguana corpse.
A bombardier beetle comes into view.
You shoot an arrow. The arrow hits the bombardier beetle!
The bombardier beetle is heavily wounded.
You shoot an arrow.
The arrow hits the bombardier beetle but does no damage.
The bombardier beetle is heavily wounded.
You shoot an arrow.
The arrow barely misses the bombardier beetle.
You shoot an arrow. The arrow hits the bombardier beetle!
The bombardier beetle is almost dead.
The bombardier beetle waves its antennae.
The bombardier beetle sprays incendiary fluid at you.
The burning spray hits you.
You are covered in liquid fire!
You shoot an arrow. The arrow hits the bombardier beetle.
You kill the bombardier beetle!
The liquid fire burns you!
You are on fire!
The liquid fire burns you!
You are on fire!
The liquid fire burns you!
You are on fire!
The liquid fire burns you!
You are on fire!
The liquid fire burns you!
You are on fire!
The liquid fire burns you!
You are on fire!
The liquid fire burns you!
You are on fire!
The liquid fire burns you!
You die...

#..# #..#
#### #.. #..
...
####.####.#
#...%...#.#
#.##.##.#.###
#. #.##...@.#
#.##..#.###.#
#.......# %#
#..##.#.## .#
#......... .#
##.##.#######
#.<.#.#
#.#.#.#
#...#.#


There were no monsters in sight!

Vanquished Creatures
  Eustachio (D:4)
  A phantom (D:4)
  A bombardier beetle (D:4)
  An iguana (D:4)
  8 adders
  A dart slug (D:2)
  4 ribbon worms
  An orc (D:4)
  7 bats
  2 endoplasms (D:2)
  2 giant cockroaches
  4 goblins
  8 hobgoblins
  2 kobolds
  A quokka (D:2)
  6 ball pythons (D:1)
  A frilled lizard (D:1)
  2 rats (D:3)
53 creatures vanquished.

Notes
Turn   | Place    | Note
-------+----------+-------------------------------------------
     0 | D:1      | qw the Spriggan Hunter began the quest for the Orb.
     0 | D:1      | Reached XP level 1. HP: 10/10 MP: 2/2
     0 | D:1      | 0 ||| qw: Version: 0.3-a-160-g6735b56
     0 | D:1      | 0 ||| qw: Game counter: 6452
     0 | D:1      | 0 ||| qw: Melee chars always use a shield: true
     0 | D:1      | 0 ||| qw: God list: Okawaru
     0 | D:1      | 0 ||| qw: Allow faded altars: false
     0 | D:1      | 0 ||| qw: Do Orc after clearing Dungeon:15 true
     0 | D:1      | 0 ||| qw: Do second Lair branch before Depths: true
     0 | D:1      | 0 ||| qw: Lair rune preference: random
     0 | D:1      | 0 ||| qw: Goals: Normal
     0 | D:1      | 0 ||| PLANNING D:1-11
   113 | D:1      | Reached skill level 3 in Dodging
   222 | D:1      | Reached XP level 2. HP: 14/14 MP: 3/3
   268 | D:1      | Reached skill level 4 in Dodging
   502 | D:1      | 502 ||| READING scroll labelled ULEORYO XERE.
   503 | D:1      | 503 ||| READING scroll labelled LIPTUS URHEUKU.
   503 | D:1      | 503 ||| IDENTIFYING brown potion
   504 | D:1      | 504 ||| READING scroll labelled KANNOZ AMPYRAF.
   505 | D:1      | 505 ||| READING scroll labelled REPLUA ODUNEI.
   505 | D:1      | 505 ||| ENCHANTING +0 shortbow.
   506 | D:1      | 506 ||| DROPPING scroll of butterflies.
   591 | D:2      | Reached XP level 3. HP: 16/18 MP: 4/4
   692 | D:2      | Reached XP level 4. HP: 22/22 MP: 5/5
  1025 | D:2      | You fall into a shaft and drop 2 floors!
  1040 | D:4      | Noticed Eustachio
  1041 | D:4      | 1041 ||| DRINKING potion of haste.
  1054 | D:4      | 1054 ||| RETREEEEATING.
  1055 | D:4      | 1055 ||| RETREEEEATING.
  1056 | D:4      | 1056 ||| RETREEEEATING.
  1096 | D:4      | Killed Eustachio
  1097 | D:4      | Reached skill level 7 in Dodging
  1097 | D:4      | Reached XP level 5. HP: 13/25 MP: 6/6
  1102 | D:4      | Noticed a phantom
  1116 | D:4      | Killed a phantom
  1117 | D:4      | Reached XP level 6. HP: 13/32 MP: 7/7
  1129 | D:4      | HP: 6/32 [ribbon worm (7)]
  1315 | D:4      | 1315 ||| READING scroll labelled UJUMUN PUATZ.
  1416 | D:4      | 1416 ||| READING scroll labelled YXEZ BEOPEPRIATY.
  1419 | D:4      | 1419 ||| DRINKING 2 amethyst potions.
  1454 | D:3      | 1454 ||| PLANNING SEWER
  1716 | D:3      | Found a runed translucent door.
  1716 | D:3      | Noticed qw's ghost (amateur DEHu)
  2182 | D:3      | 2182 ||| UPGRADING to +0 cloak.
  2187 | D:3      | 2187 ||| UPGRADING to +6 ring of dexterity.
  2188 | D:3      | 2188 ||| READING scroll labelled PUGRI JUET.
  2289 | D:3      | 2289 ||| READING scroll labelled DIFIMI FAIRGH.
  2296 | D:2      | 2296 ||| RIP SEWER
  2296 | D:2      | 2296 ||| PLANNING D:1-11
  2477 | D:3      | 2477 ||| PLANNING SEWER
  2555 | D:3      | 2555 ||| RIP SEWER
  2556 | D:3      | 2556 ||| PLANNING D:1-11
  2656 | D:4      | HP: 7/32 [burnt (5)]
  2657 | D:4      | HP: 1/32 [burnt (6)]
  2658 | D:4      | Incinerated by a bombardier beetle

Levels and vault maps discovered:
D:1:      dpeg_arrival_shelter, layout_basic, grunt_decor_cap, hex_tiny
D:2:      layout_basic, minmay_pentomino_r4
D:3:      layout_loops_ring, gup_sewer_entry_spiral,
          hellmonk_ghost_happy_afterlife, hangedman_abyss_or_decor_stabs
D:4:      layout_loops_ring, zin_statuary, minivault_4, uniq_crazy_yiuf_cottage,
          uniq_eustachio

Skill      XL: |  1  2  3  4  5 |
---------------+----------------+-----
Dodging        | 3 4 7 |  7.0
Ranged Weapons | 5 |  5.6
Fighting       | 2 |  2.5
Stealth        | |  1.5

Action                     |  1- 3 |  4- 6 || total
---------------------------+-------+-------++-------
   Fire: Shortbow          |    72 |   140 ||   212
    Use: Scroll            |     4 |     4 ||     8
         Potion            |       |     2 ||     2
 Armour: Robe              |     8 |    26 ||    34
  Dodge: Dodged            |    15 |    75 ||    90

Table legend:
 A = Non-vault XP
 B = Vault XP
 C = Vault XP percentage of total XP
 D = Non-vault monster count
 E = Vault monster count
 F = Vault count percentage of total count
                 A         B        C        D         E       F
            +---------+---------+-------+---------+---------+-------
      Total |     337 |     234 |  41.0 |      45 |       8 |  15.1
            +---------+---------+-------+---------+---------+-------
        D:1 |      25 |       0 |   0.0 |      16 |       0 |   0.0
        D:2 |      90 |      19 |  17.4 |      16 |       4 |  20.0
        D:3 |      19 |      18 |  48.6 |       5 |       3 |  37.5
        D:4 |     203 |     197 |  49.2 |       8 |       1 |  11.1
            +---------+---------+-------+---------+---------+-------
